 Dungeon Crawl Stone Soup version 0.21.0-37-g46506fa (webtiles) character file.

837 Miyamura the Insei (level 7, -2/55 HPs)
             Began as a Demonspawn Monk on Feb 1, 2018.
             Slain by an ogre
             ... wielding a +0 giant spiked club
              (15 damage)
             ... on level 5 of the Dungeon.
             The game lasted 00:07:10 (5866 turns).

Miyamura the Insei (Demonspawn Monk)                Turns: 5866, Time: 00:07:11

Health: -2/55      AC:  6    Str: 14    XL:     7   Next: 66%
Magic:  7/7        EV: 13    Int: 11    God:
Gold:   220        SH:  0    Dex: 15    Spells: 6/6 levels left

rFire    . . .     SeeInvis .     - Unarmed
rCold    + . .     Gourm    .   (no shield)
rNeg     . . .     Faith    .   i - +0 ring mail (curse)
rPois    .         Spirit   .   (helmet restricted)
rElec    .         Reflect  .   (no cloak)
rCorr    .         Harm     .   (no gloves)
MR       .....                  q - +0 pair of boots
Stlth    ++........             (no amulet)
HPRegen  0.18/turn              (no ring)
MPRegen  0.10/turn              (no ring)

@: no status effects
A: claws 2, horns 2, cold resistance 1, powered by death 1
a: no special abilities


You were on level 5 of the Dungeon.
You were not hungry.

You visited 1 branch of the dungeon, and saw 5 of its levels.

You collected 220 gold pieces.

Inventory:

Missiles
 c - 129 stones (quivered)
 l - 15 arrows
 n - 33 sling bullets
Armour
 i - a cursed +0 ring mail (worn)
 q - a +0 pair of boots (worn)
Scrolls
 f - a scroll of amnesia {unknown}
 j - a scroll of teleportation
 o - 2 scrolls of enchant armour
 p - 2 scrolls of remove curse {unknown}
Potions
 d - a potion of flight
 e - a potion of lignification
 g - a potion of ambrosia
 m - a potion of curing
Books
 a - a book of Maledictions

   Spells                             Type                      Level
   a - Corona                         Hexes                        1
   b - Ensorcelled Hibernation        Hexes/Ice                    2
   c - Confuse                        Hexes                        3
   d - Tukima's Dance                 Hexes                        3
   e - Dazzling Spray                 Conjuration/Hexes            3
 h - a book of Cantrips

   Spells                             Type                      Level
   a - Confusing Touch                Hexes                        1
   b - Animate Skeleton               Necromancy                   1
   c - Summon Small Mammal            Summoning                    1
   d - Apportation                    Translocation                1
Comestibles
 b - 9 rations
 k - a chunk of flesh


   Skills:
 + Level 4.8 Fighting
 + Level 4.4 Dodging
 + Level 4.1 Stealth
 * Level 5.7 Unarmed Combat


You had 6 spell levels left.
You didn't know any spells.

Dungeon Overview and Level Annotations

Branches:
Dungeon (5/15)
 Temple: D:4-7

Altars:
Nemelex Xobeh
Okawaru

Shops:
D:5 %

Annotations:
D:5 p0werm0de's ghost, novice VSCK


Innate Abilities, Weirdness & Mutations

You have very sharp fingernails.
You have a pair of horns on your head.
Your flesh is cold resistant. (rC+)
You regenerate a little health from kills.


Message History

You start putting on your armour.
You continue putting on your pair of boots. x4
You finish putting on your +0 pair of boots.
You aren't carrying any items that you can evoke.
There is an open door here.
The ogre shouts!
The ogre hits you with a giant spiked club!!
You barely miss the ogre. Your headbutt misses the ogre. You claw the ogre!
The ogre is heavily wounded.
The ogre misses you.
You scratch the ogre. You headbutt the ogre.
The ogre is almost dead.
The ogre hits you with a giant spiked club!!
You scratch the ogre.
The ogre is almost dead.
You scratch the ogre but do no damage.
The ogre is almost dead.
The ogre hits you with a giant spiked club!
You die...

#.#####.#.## #.....# #.#
##.#...#.#.# ##...## #.#
#..........# ##.## #.#
#..#...#..## #.# #.# #..##.##.>#
#.# #.# #..##.##..# ##+##
#####.### #.........# ##...##
##........ #.###.###.# ##.....##
#......### #.........# ##..@O...#
#..#.### #
#####....####.....?...##.....####
#.......'.........+..........
#....####.........##.........
#.#.## ##..<....###.##.#####
#.### ##.....## #.#### ###.####
##...## #.## #......# ##+## #..#
#.#.##.# #.# ##.#


You could see an ogre.

Vanquished Creatures
  Edmund (D:4)
  An ogre (D:4)
  A scorpion (D:4)
  2 howler monkeys (D:4)
  A crimson imp (D:5)
  A hound (D:4)
  An orc priest (D:4)
  A centaur skeleton (D:4)
  6 orc wizards
  A worker ant (D:4)
  A hound skeleton (D:4)
  9 adders
  An adder skeleton (D:4)
  A worm (D:3)
  2 dart slugs
  A leopard gecko (D:2)
  14 orcs
  6 bats
  5 giant cockroaches
  7 goblins
  5 hobgoblins
  3 jackals (D:3)
  3 kobolds
  A quokka (D:2)
  3 ball pythons
  A ball python skeleton (D:4)
  5 frilled lizards
  A jackal zombie (D:5)
  8 rats
93 creatures vanquished.

Notes
Turn   | Place    | Note
-------+----------+-------------------------------------------
     0 | D:1      | Miyamura the Demonspawn Monk began the quest for the Orb.
     0 | D:1      | Reached XP level 1. HP: 18/18 MP: 1/1
   203 | D:1      | Gained mutation: You have a pair of small horns on your head. [demonic ancestry]
   203 | D:1      | Reached XP level 2. HP: 24/24 MP: 2/2
   344 | D:1      | Reached skill level 3 in Unarmed Combat
  1323 | D:2      | Gained mutation: You have sharp fingernails. [demonic ancestry]
  1323 | D:2      | Reached XP level 3. HP: 24/29 MP: 3/3
  1431 | D:2      | Found a sparkling altar of Nemelex Xobeh.
  2394 | D:3      | Gained mutation: Your flesh is cold resistant. (rC+) [demonic ancestry]
  2394 | D:3      | Reached XP level 4. HP: 19/35 MP: 4/4
  3384 | D:4      | Noticed an ogre
  3407 | D:4      | Killed an ogre
  3407 | D:4      | Reached skill level 4 in Unarmed Combat
  3407 | D:4      | Gained mutation: You regenerate a little health from kills. [demonic ancestry]
  3407 | D:4      | Reached XP level 5. HP: 18/42 MP: 5/5
  3787 | D:4      | Found an iron altar of Okawaru.
  3830 | D:4      | Gained mutation: You have a pair of horns on your head. [demonic ancestry]
  3830 | D:4      | Reached XP level 6. HP: 32/48 MP: 6/6
  3834 | D:4      | Noticed Edmund
  3878 | D:4      | Killed Edmund
  3878 | D:4      | Reached skill level 5 in Unarmed Combat
  3878 | D:4      | Gained mutation: You have very sharp fingernails. [demonic ancestry]
  3878 | D:4      | Reached XP level 7. HP: 29/55 MP: 7/7
  5031 | D:5      | Entered Level 5 of the Dungeon
  5492 | D:5      | Noticed p0werm0de's ghost (novice VSCK)
  5493 | D:5      | Found Voicodd's Food Emporium.
  5866 | D:5      | Slain by an ogre

Skill      XL: |  1  2  3  4  5  6  7 |
---------------+----------------------+-----
Stealth        | 2 3 4 |  4.1
Unarmed Combat | 3 4 5 |  5.7
Dodging        | 3 4 |  4.4
Fighting       | 4 |  4.8

Action                   |  1- 3 |  4- 6 |  7- 9 || total
-------------------------+-------+-------+-------++-------
Melee: Unarmed           |   126 |   113 |   103 ||   342
       Punch             |     2 |     1 |     2 ||     5
       Headbutt          |    15 |    17 |    15 ||    47
  Use: Potion            |       |     7 |     4 ||    11
       Scroll            |       |     4 |     2 ||     6
 Stab: Sleeping          |     3 |     1 |       ||     4
  Eat: Chunk             |     4 |     4 |     8 ||    16
Armor: Robe              |    11 |       |       ||    11
       Ring mail         |    29 |    35 |    26 ||    90
       Skin              |       |    13 |       ||    13
Dodge: Dodged            |    66 |    61 |    73 ||   200
